 Dungeon Crawl Stone Soup version 0.29.1-15-g9cfb28693d (webtiles) character file.

Game seed: 17578006369758859003

128 BuddhaDhamma the Chopper (level 4, -6/39 HPs)
             Began as a Minotaur Berserker on Mar 16, 2023.
             Was a Believer of Trog.
             Mangled by an ogre
             ... wielding a +0 giant club
              (23 damage)
             ... on level 4 of the Dungeon.
             The game lasted 00:04:23 (3038 turns).

BuddhaDhamma the Chopper (Minotaur Berserker)       Turns: 3038, Time: 00:04:24

Health: -6/39      AC:  8    Str: 23    XL:     4   Next: 87%
Magic:  3/3        EV:  8    Int:  4    God:    Trog [**....]
Gold:   145        SH:  5    Dex: 10    Spells: 3/3 levels left

rFire   . . .      SeeInvis +   p - +1 war axe
rCold   . . .      Faith    .   (no shield)
rNeg    . . .      Spirit   .   g - +0 chain mail
rPois   .          Reflect  +   (helmet restricted)
rElec   .          Harm     .   (no cloak)
rCorr   .          Rampage  .   (no gloves)
Will    .....                   (no boots)
Stlth   ..........              m - amulet of reflection
HPRegen 0.13/turn               c - ring of see invisible
MPRegen 0.08/turn               (no ring)

@: no status effects
A: horns 2, retaliatory headbutt
a: Renounce Religion, Berserk, Trog's Hand


You were on level 4 of the Dungeon.
You worshipped Trog.
Trog was pleased with you.
You visited 1 branch of the dungeon, and saw 4 of its levels.

You collected 145 gold pieces.

Inventory:

Hand Weapons
 p - a +1 war axe (weapon)
Armour
 g - a +0 chain mail (worn)
Jewellery
 c - a ring of see invisible (left hand)
 m - an amulet of reflection (around neck)
 o - an amulet of guardian spirit
Wands
 a - a wand of roots (8)
Scrolls
 h - a scroll of enchant weapon
 n - a scroll of teleportation
Potions
 b - a potion of haste
 e - a potion of might
 i - a potion of resistance
 j - a potion of cancellation
 q - a potion of mutation


   Skills:
 - Level 3.6 Fighting
 + Level 6.8 Axes
 - Level 2.4 Armour
 - Level 2.1 Dodging


You had 3 spell levels left.
You didn't know any spells.
Your spell library was empty.

Dungeon Overview and Level Annotations

Branches:
Dungeon (4/15)
 Temple: D:4-7

Altars:
Kikubaaqudgha

Annotations:
D:4 1 runed translucent door, AverageBear's ghost, amateur OpFi


Innate Abilities, Weirdness & Mutations

You have a pair of horns on your head.
You reflexively headbutt those who attack you in melee.


Message History

The adder hisses angrily.
The hound barks!
You see here a wand of roots (8).
Found a whip.
The adder hisses angrily.
The hound bites you but does no damage.
You barely miss the hound.
AverageBear's ghost turns its malevolent gaze towards you.
You headbutt the hound.
The hound is moderately wounded.
The hound closely misses you. You furiously retaliate!
You headbutt the hound. You slash the hound!
You kill the hound!
Trog accepts your kill.
No reachable target in view!
No reachable target in view!
a - a wand of roots (8)
Found a hand axe.
You see here a +0 whip.
Found a hand axe.
You see here a +1 rapier of flaming.
You now have 122 gold pieces (gained 11).
Found a stone staircase leading up.
You now have 133 gold pieces (gained 11).
You now have 145 gold pieces (gained 12).
Found a falchion.
An ogre comes into view. It is wielding a +0 giant club.
Found a potion of haste.
The ogre shouts!
The ogre barely misses you.
You completely miss the ogre. You headbutt the ogre!
The ogre is heavily wounded.
You slash the ogre!
The ogre is severely wounded.
The ogre hits you with a +0 giant club!!
Ouch! That really hurt!
You hit the ogre.
The ogre is almost dead.
The ogre hits you with a +0 giant club!!
Ouch! That really hurt!
You die...

#.# #.# ##.# #.######
#...# .......# #...#
..####.# #...#
.......######...##### #
...###.##...........#...
...# ...!.......)......
...###.##.......@O..#
#......# ######.#####
.....### #...# ###..####
#...# #.....# #...#
#..#.## # #.###
#..#.####.###.#
###..#........#.####
.....#.#.####......# .#


You could see an ogre.

Vanquished Creatures
  A hound (D:4)
  4 adders
  2 dart slugs (D:1)
  5 orcs (D:4)
  4 ball pythons
  4 endoplasms
  2 giant cockroaches
  3 goblins
  5 hobgoblins
  3 jackals (D:1)
  4 quokkas
  5 bats
  A frilled lizard (D:1)
  4 kobolds
  3 rats
50 creatures vanquished.

Vanquished Creatures (others)
  A plant (D:1)
1 creature vanquished.

Grand Total: 51 creatures vanquished

Notes
Turn   | Place    | Note
-------+----------+-------------------------------------------
     0 | D:1      | BuddhaDhamma the Minotaur Berserker began the quest for the
                  | Orb.
     0 | D:1      | Reached XP level 1. HP: 19/19 MP: 0/0
   136 | D:1      | Reached skill level 4 in Axes
   142 | D:1      | Reached XP level 2. HP: 26/26 MP: 1/1
   482 | D:1      | Reached ** piety under Trog
   483 | D:1      | Reached skill level 5 in Axes
   577 | D:1      | Found a faded altar of an unknown god.
   821 | D:1      | Reached XP level 3. HP: 28/31 MP: 2/2
  1505 | D:2      | Found an ancient bone altar of Kikubaaqudgha.
  1638 | D:2      | Reached skill level 6 in Axes
  1638 | D:2      | Reached XP level 4. HP: 39/39 MP: 3/3
  2171 | D:3      | Found an ancient bone altar of Kikubaaqudgha.
  2981 | D:4      | Found a runed translucent door.
  2983 | D:4      | Noticed AverageBear's ghost (amateur OpFi)
  3034 | D:4      | Noticed an ogre
  3038 | D:4      | Mangled by an ogre

Illustrated notes

Levels and vault maps discovered:
D:1:      sevenhm_arrival_forest_fort_small_4, layout_basic, serial_rivers,
          chequers_serial_rivers_micro_e, chequers_serial_rivers_marsh,
          chequers_serial_rivers_marsh, chequers_serial_rivers_room_b,
          chequers_ecumenical_altar_twisty, minivault_5,
          minmay_misc_feat_nine_boxes
D:2:      layout_loops_cross, basic_altar
D:3:      layout_basic, mainiacjoe_overflow_24_doors, st_stairs_12
D:4:      layout_loops_cross, mainiacjoe_overflow_alcove_2, vehumet_statue,
          ebering_ghost_sewer_d, pf_guarded_unrand_woodcutter

Skill      XL: |  1  2  3 |
---------------+----------+-----
Axes           | 4 5 6 |  6.8
Fighting       | |  3.6
Armour         | |  2.4
Dodging        | |  2.1

Action                   |  1- 3 |  4- 6 || total
-------------------------+-------+-------++-------
Melee: Hand axe          |    66 |       ||    66
       Headbutt          |     6 |     4 ||    10
       War axe           |       |    43 ||    43
  Use: Scroll            |       |    11 ||    11
Armor: Leather armour    |     2 |       ||     2
       Chain mail        |    20 |    17 ||    37
Dodge: Dodged            |    30 |    15 ||    45
Block: Other             |     1 |     8 ||     9
